[Event "Chinese Chess League 2019"]
[Site "Shen Yang"]
[Date "2019.11.23"]
[Round "18.10"]
[White "Lagno, Kateryna"]
[Black "Li, Xueyi"]
[Result "1/2-1/2"]
[ECO "B15"]
[WhiteElo "2549"]
[BlackElo "2270"]
[Annotator "ChessBase"]
[PlyCount "86"]
[EventDate "2019.04.09"]
[EventType "team-tourn"]
[EventCountry "CHN"]
[SourceTitle "playchess.com"]
[Source "ChessBase"]
[SourceQuality "1"]
[TimeControl "5400+30"]

1. e4 c6 2. d4 d5 3. Nd2 dxe4 4. Nxe4 Nf6 5. Nxf6+ exf6 6. c3 Bd6 7. Bd3 O-O 8. Qc2 Re8+ 9. Ne2 h5 10. O-O h4 11. h3 Nd7 12. Be3 Nf8 13. c4 Bc7 14. Rfe1 Qd6 15. Nf4 Qd8 16. Rad1 Bd7 17. d5 Bxf4 18. Bxf4 Rxe1+ 19. Rxe1 cxd5 20. cxd5 Qa5 21. Qd2 Qxa2 22. Bd6 Qb3 23. Bb4 f5 24. Bb1 Ng6 25. Qd4 Qa4 26. Qc5 a5 27. Bc3 Qf4 28. d6 Qg5 29. Be4 Nf4 30. Bxb7 Rc8 31. Qe3 Rb8 32. Bf3 Nxh3+ 33. Kh2 Qxe3 34. Rxe3 Ng5 35. Re7 Nxf3+ 36. gxf3 Rb7 37. Bxa5 g5 38. b4 g4 39. fxg4 fxg4 40. Rxd7 Rxd7 41. Bc7 Kf8 42. b5 Ke8 43. b6 Rxc7 1/2-1/2

[Event "Chinese Chess League 2019"]
[Site "Shen Yang"]
[Date "2019.11.23"]
[Round "18.11"]
[White "Nie, Xinyang"]
[Black "Zvjaginsev, Vadim"]
[Result "0-1"]
[ECO "D55"]
[WhiteElo "2351"]
[BlackElo "2626"]
[Annotator "ChessBase"]
[PlyCount "116"]
[EventDate "2019.04.09"]
[EventType "team-tourn"]
[EventCountry "CHN"]
[SourceTitle "playchess.com"]
[Source "ChessBase"]
[SourceQuality "1"]
[TimeControl "5400+30"]

1. d4 d5 2. c4 e6 3. Nc3 Nf6 4. Bg5 Be7 5. e3 O-O 6. Rc1 h6 7. Bxf6 Bxf6 8. Nf3 a6 9. Bd3 dxc4 10. Bxc4 Nd7 11. O-O b5 12. Be2 Bb7 13. b4 e5 14. d5 Nb6 15. e4 c6 16. dxc6 Bxc6 17. Qb3 Qe7 18. Qb1 Qb7 19. Nd2 Bg5 20. Rcd1 Na4 21. Nxa4 bxa4 22. Bd3 Rfb8 23. Nc4 Qxb4 24. Qxb4 Rxb4 25. Nxe5 Bxe4 26. Bc4 Bf6 27. Rd4 Bg6 28. f4 Rab8 29. Rfd1 Rb1 30. R4d2 Bxe5 31. fxe5 a5 32. Rxb1 Rxb1+ 33. Kf2 Rb4 34. Rd8+ Kh7 35. Rd4 Bf5 36. Ke3 Be6 37. Bxe6 fxe6 38. Rd6 Rb2 39. Ra6 Rxg2 40. h4 Rxa2 41. Rxa5 Kg6 42. Ra7 a3 43. Kf4 Ra1 44. Kg3 Kh5 45. Ra4 a2 46. Kg2 g5 47. hxg5 Kxg5 48. Ra5 Kf5 49. Kh2 h5 50. Kg2 h4 51. Kh2 h3 52. Ra8 Kxe5 53. Ra5+ Kf6 54. Ra6 Kf5 55. Ra5+ e5 56. Ra8 e4 57. Rf8+ Kg6 58. Rf2 Rh1+ 0-1

[Event "Chinese Chess League 2019"]
[Site "Shen Yang"]
[Date "2019.11.23"]
[Round "18.19"]
[White "Wang, Yu A."]
[Black "Tan, Zhongyi"]
[Result "1-0"]
[ECO "B90"]
[WhiteElo "2275"]
[BlackElo "2504"]
[Annotator "ChessBase"]
[PlyCount "75"]
[EventDate "2019.04.09"]
[EventType "team-tourn"]
[EventCountry "CHN"]
[SourceTitle "playchess.com"]
[Source "ChessBase"]
[SourceQuality "1"]
[TimeControl "5400+30"]

1. e4 c5 2. Nf3 d6 3. d4 cxd4 4. Nxd4 Nf6 5. Nc3 a6 6. Bd3 Nc6 7. Nxc6 bxc6 8. O-O g6 9. Qe2 Bg7 10. f4 O-O 11. f5 Nd7 12. Kh1 Ne5 13. Bg5 Rb8 14. Rab1 a5 15. Na4 Re8 16. b3 Qc7 17. c4 Ba6 18. Rbc1 Kh8 19. Bb1 gxf5 20. exf5 Bf6 21. Bf4 Rg8 22. Qh5 Rg7 23. Bh6 Rg4 24. Bf4 Rbg8 25. Bxe5 dxe5 26. Nc5 Qa7 27. Nxa6 Rxg2 28. Be4 R2g4 29. Bf3 Rh4 30. Qxf7 Qd4 31. Rc2 e4 32. Rg2 Rxg2 33. Bxg2 Rg4 34. Qe8+ Kg7 35. Nc7 Qd2 36. Bh3 Qd3 37. Qh5 Rg6 38. Ne6+ 1-0

[Event "Chinese Chess League 2019"]
[Site "Shen Yang"]
[Date "2019.11.23"]
[Round "18.23"]
[White "Bai, Jinshi"]
[Black "Lin, Yi"]
[Result "1-0"]
[ECO "D80"]
[WhiteElo "2600"]
[BlackElo "2425"]
[Annotator "ChessBase"]
[PlyCount "95"]
[EventDate "2019.04.09"]
[EventType "team-tourn"]
[EventCountry "CHN"]
[SourceTitle "playchess.com"]
[Source "ChessBase"]
[SourceQuality "1"]
[TimeControl "5400+30"]

1. d4 Nf6 2. c4 g6 3. Nc3 d5 4. Bg5 Bg7 5. Bxf6 Bxf6 6. cxd5 c5 7. dxc5 Nd7 8. e3 O-O 9. Bc4 Nxc5 10. Nge2 Qb6 11. Qd2 Bf5 12. O-O Rac8 13. Rac1 Rfd8 14. b3 a6 15. Rfd1 Qd6 16. Ng3 b5 17. Bf1 b4 18. Nce2 a5 19. Nxf5 gxf5 20. Ng3 Ne4 21. Nxe4 fxe4 22. Rxc8 Rxc8 23. Qe2 Qd7 24. d6 exd6 25. Rxd6 Qxd6 26. Qg4+ Bg7 27. Qxc8+ Bf8 28. Qg4+ Qg6 29. Qd7 Kg7 30. Bc4 Qf6 31. g3 Be7 32. Bd5 Qf3 33. Bc6 Bg5 34. Qd4+ Qf6 35. Qxf6+ Bxf6 36. Bxe4 h6 37. f4 Bb2 38. Kf2 Kf8 39. Kf3 Bc1 40. Bd5 Ke7 41. e4 f6 42. Kg4 Be3 43. Kf5 Bg1 44. h3 Bd4 45. g4 Kd6 46. h4 Be3 47. Kxf6 Bxf4 48. g5 {[%emt 0:00:03] Kxd5} 1-0

[Event "Chinese Chess League 2019"]
[Site "Shen Yang"]
[Date "2019.11.23"]
[Round "18.26"]
[White "Malakhov, Vladimir"]
[Black "Xu, Yi"]
[Result "1-0"]
[ECO "A17"]
[WhiteElo "2665"]
[BlackElo "2541"]
[Annotator "ChessBase"]
[PlyCount "75"]
[EventDate "2019.04.09"]
[EventType "team-tourn"]
[EventCountry "CHN"]
[SourceTitle "playchess.com"]
[Source "ChessBase"]
[SourceQuality "1"]
[TimeControl "5400+30"]

1. Nf3 d5 2. e3 Nf6 3. c4 e6 4. Nc3 b6 5. b3 Bb7 6. Bb2 Nbd7 7. Rc1 a6 8. cxd5 exd5 9. d4 Bd6 10. g3 O-O 11. Bg2 Ne4 12. O-O Qe7 13. Re1 Rae8 14. Ne2 a5 15. Nf4 c6 16. Nd3 f6 17. Re2 Qf7 18. Rec2 Rc8 19. Nd2 Nxd2 20. Qxd2 Rfe8 21. a4 Rc7 22. Bc3 Ba6 23. Bb2 Nb8 24. Rd1 Kh8 25. Bf1 Qe7 26. Bc3 Ra7 27. Rb1 Rc8 28. b4 axb4 29. Bxb4 Nd7 30. Bxd6 Qxd6 31. Bh3 Bc4 32. Nb2 b5 33. axb5 cxb5 34. Nxc4 bxc4 35. Qb4 Qc7 36. Qe7 Rd8 37. Rcb2 h6 38. Rb7 1-0

[Event "Chinese Chess League 2019"]
[Site "Shen Yang"]
[Date "2019.11.23"]
[Round "18.29"]
[White "Ni, Shiqun"]
[Black "Munguntuul, Batkhuyag"]
[Result "1/2-1/2"]
[ECO "B22"]
[WhiteElo "2391"]
[BlackElo "2436"]
[Annotator "ChessBase"]
[PlyCount "82"]
[EventDate "2019.04.09"]
[EventType "team-tourn"]
[EventCountry "CHN"]
[SourceTitle "playchess.com"]
[Source "ChessBase"]
[SourceQuality "1"]
[TimeControl "5400+30"]

1. e4 c5 2. Nf3 e6 3. c3 Nf6 4. e5 Nd5 5. Bc4 d6 6. d4 cxd4 7. cxd4 Nc6 8. O-O Be7 9. Qe2 O-O 10. Nc3 Nxc3 11. bxc3 dxe5 12. dxe5 b6 13. Qe4 Qc7 14. Bg5 Bb7 15. Bd3 g6 16. Qh4 Bxg5 17. Nxg5 h5 18. Rae1 Rfd8 19. Be4 Ba6 20. c4 Rac8 21. Bxc6 Qxc6 22. Qf4 Qc7 23. Ne4 Bxc4 24. Rc1 b5 25. Rfe1 Rd3 26. a4 a6 27. h4 Rcd8 28. axb5 axb5 29. g4 hxg4 30. h5 Rf3 31. Qxg4 Rf5 32. hxg6 Qxe5 33. Qh4 Rd3 34. Ra1 Bd5 35. Ng3 Rxg3+ 36. fxg3 Qb2 37. gxf7+ Rxf7 38. Qd8+ Kh7 39. Qh4+ Kg8 40. Qd8+ Kh7 41. Qh4+ Kg8 1/2-1/2

[Event "Chinese Chess League 2019"]
[Site "Shen Yang"]
[Date "2019.11.23"]
[Round "18.30"]
[White "Ju, Wenjun"]
[Black "Xiao, Yiyi"]
[Result "1-0"]
[ECO "E04"]
[WhiteElo "2586"]
[BlackElo "2316"]
[Annotator "ChessBase"]
[PlyCount "85"]
[EventDate "2019.04.09"]
[EventType "team-tourn"]
[EventCountry "CHN"]
[SourceTitle "playchess.com"]
[Source "ChessBase"]
[SourceQuality "1"]
[TimeControl "5400+30"]

1. d4 Nf6 2. c4 e6 3. g3 d5 4. Bg2 dxc4 5. Nf3 Bb4+ 6. Bd2 a5 7. a3 Bxd2+ 8. Nbxd2 b5 9. b3 cxb3 10. Qxb3 c6 11. O-O O-O 12. Rfc1 Ba6 13. e3 Qb6 14. Nc4 Qc7 15. Nce5 Qd6 16. Nd2 Rc8 17. Qc2 Nbd7 18. f4 Ra7 19. Nb3 Rac7 20. Nd3 a4 21. Nbc5 Nxc5 22. Nxc5 Ra7 23. Qd2 Nd7 24. Ra2 Nxc5 25. Rxc5 Rac7 26. Rac2 g6 27. g4 Qd7 28. g5 h6 29. gxh6 Kh7 30. Bf3 Kxh6 31. Qg2 Kg7 32. h4 Qe7 33. Qg3 Rh8 34. h5 Kf8 35. Rg2 Qf6 36. f5 Rc8 37. fxg6 fxg6 38. Bxc6 Ke7 39. Rf2 Qg7 40. Bg2 Kd7 41. hxg6 Rhf8 42. Rxc8 Kxc8 43. Rc2+ 1-0

[Event "Chinese Chess League 2019"]
[Site "Shen Yang"]
[Date "2019.12.05"]
[Round "20.10"]
[White "Zhu, Jiner"]
[Black "Guo, Qi"]
[Result "1/2-1/2"]
[ECO "C54"]
[WhiteElo "2468"]
[BlackElo "2403"]
[Annotator "RC"]
[PlyCount "63"]
[EventDate "2019.04.09"]
[EventType "team-tourn"]
[EventCountry "CHN"]
[SourceTitle "playchess.com"]
[Source "ChessBase"]
[SourceQuality "1"]
[TimeControl "5400+30"]

1. e4 e5 2. Nf3 Nc6 3. Bc4 Bc5 4. O-O Nf6 5. d3 a6 6. Bb3 d6 7. c3 Ba7 8. Nbd2 O-O 9. h3 h6 10. Re1 Re8 11. Nf1 Be6 12. Bc2 d5 13. exd5 Nxd5 14. Ng3 Qd6 15. Qe2 f5 16. Nh4 Qf8 17. d4 exd4 18. Qf3 Rad8 19. Nhxf5 dxc3 20. bxc3 Bxf5 21. Rxe8 Qxe8 22. Qxf5 Qe1+ 23. Kh2 Bxf2 24. Qh7+ Kf7 25. Qg6+ Kg8 26. Qh7+ Kf7 27. Bg6+ Ke6 28. Bf5+ Kf7 29. Qg6+ Kg8 30. Qh7+ Kf7 31. Bg6+ Ke6 32. Bf5+ 1/2-1/2

[Event "Chinese Chess League 2019"]
[Site "Shen Yang"]
[Date "2019.12.05"]
[Round "20.14"]
[White "Wang, Yu A."]
[Black "Li, Xueyi"]
[Result "1/2-1/2"]
[ECO "B11"]
[WhiteElo "2275"]
[BlackElo "2270"]
[Annotator "NA RC"]
[PlyCount "100"]
[EventDate "2019.04.09"]
[EventType "team-tourn"]
[EventCountry "CHN"]
[SourceTitle "playchess.com"]
[Source "ChessBase"]
[SourceQuality "1"]
[TimeControl "5400+30"]

1. e4 c6 2. Nc3 d5 3. Nf3 Bg4 4. h3 Bxf3 5. Qxf3 e6 6. d4 dxe4 7. Qxe4 {[%emt 0:00:09] B11: Caro-Kann: Two Knights Variation} Nf6 8. Qd3 Nbd7 9. g3 Be7 10. Bg2 O-O 11. O-O Qb6 12. Na4 $146 ({Predecessor:} 12. b3 Rad8 13. Bb2 Qa5 14. Rfd1 Ba3 15. Bxa3 Qxa3 {1-0 (61) Bacrot,E (2697)-Bologan,V (2607) Berlin 2015}) 12... Qa5 13. b3 Rad8 14. Bb2 Qc7 15. Rad1 b5 16. Nc3 b4 17. Ne4 c5 18. dxc5 Nxc5 19. Qe2 Ncxe4 20. Bxe4 Bc5 21. Kg2 Nxe4 22. Qxe4 Qe7 23. Rfe1 Bb6 $11 24. Qg4 f5 25. Qc4 Rxd1 26. Rxd1 f4 27. gxf4 Qb7+ 28. Kg3 Qf7 29. Qe4 Bc7 30. Be5 Bxe5 31. Qxe5 Qg6+ 32. Kf3 Qxc2 33. Qxe6+ Kh8 34. Rd7 h6 35. Qe7 Qc3+ 36. Kg4 Rc8 37. Rd8+ Rxd8 38. Qxd8+ Kh7 39. Qd7 a6 40. Qf5+ Kh8 41. Qe4 Qd2 42. Qa8+ Kh7 43. Qe4+ Kh8 44. Qa8+ Kh7 45. Qxa6 Qxf2 46. Qd3+ g6 47. Qd7+ Kg8 48. Qe8+ Kg7 49. Qe7+ Kg8 50. Qe8+ Kg7 1/2-1/2

[Event "Chinese Chess League 2019"]
[Site "Shen Yang"]
[Date "2019.12.05"]
[Round "20.20"]
[White "Zhou, Zirun"]
[Black "Huang, Qian"]
[Result "1/2-1/2"]
[ECO "D45"]
[WhiteElo "2121"]
[BlackElo "2427"]
[Annotator "RC"]
[PlyCount "127"]
[EventDate "2019.04.09"]
[EventType "team-tourn"]
[EventCountry "CHN"]
[SourceTitle "playchess.com"]
[Source "ChessBase"]
[SourceQuality "1"]
[TimeControl "5400+30"]

1. d4 d5 2. c4 c6 3. Nc3 Nf6 4. Nf3 e6 5. e3 a6 6. c5 Nbd7 7. Bd2 b6 8. cxb6 Qxb6 9. Na4 Qa7 10. Bd3 a5 11. Rc1 Ba6 12. Bxa6 Qxa6 13. Qe2 Qb7 14. O-O Ne4 15. Rc2 Nxd2 16. Nxd2 Qb4 17. b3 Qb7 18. Rfc1 Ba3 19. Rd1 O-O 20. f4 Rfc8 21. Nb1 Be7 22. Rdc1 Rc7 23. Kh1 Rac8 24. e4 Nf6 25. Nd2 Ba3 26. Nc5 Bxc5 27. Rxc5 Qb4 28. Qd3 a4 29. exd5 exd5 30. Qc3 Qxc3 31. R5xc3 axb3 32. axb3 Kf8 33. h3 Ke7 34. Kg1 Kd6 35. Kf2 Re8 36. Re3 Rb8 37. Rec3 Re8 38. Re3 Ra8 39. Rec3 Rb8 40. g4 Re8 41. Re3 Rxe3 42. Kxe3 Ra7 43. Kd3 Nd7 44. Re1 c5 45. Re8 cxd4 46. Rh8 h6 47. Kxd4 Ra2 48. Nf3 Rb2 49. Ne5 Nxe5 50. fxe5+ Ke7 51. Kxd5 Rxb3 52. h4 f6 53. exf6+ Kxf6 54. Rf8+ Kg6 55. Rf5 Rb5+ 56. Ke6 Rb4 57. h5+ Kh7 58. g5 hxg5 59. Rxg5 Rb6+ 60. Kf5 Kh6 61. Rg6+ Rxg6 62. hxg6 Kh5 63. Kf4 Kxg6 64. Ke4 1/2-1/2

[Event "Chinese Chess League 2019"]
[Site "Shen Yang"]
[Date "2019.12.05"]
[Round "20.30"]
[White "Xiao, Yiyi"]
[Black "Girya, Olga"]
[Result "1-0"]
[ECO "E05"]
[WhiteElo "2316"]
[BlackElo "2476"]
[Annotator "ChessBase"]
[PlyCount "151"]
[EventDate "2019.04.09"]
[EventType "team-tourn"]
[EventCountry "CHN"]
[SourceTitle "playchess.com"]
[Source "ChessBase"]
[SourceQuality "1"]
[TimeControl "5400+30"]

1. d4 Nf6 2. c4 e6 3. g3 d5 4. Bg2 Be7 5. Nf3 O-O 6. O-O dxc4 7. Qc2 a6 8. a4 Bd7 9. Rd1 Bc6 10. Nc3 Bxf3 11. Bxf3 Nc6 12. Bxc6 bxc6 13. Bg5 Nd5 14. Bxe7 Nxe7 15. Ne4 a5 16. Qxc4 Qd5 17. Qxd5 cxd5 18. Nc5 Rfb8 19. b3 h5 20. Rac1 Nf5 21. Rd3 Rb4 22. e3 Rab8 23. Rdc3 R8b6 24. Nd7 Rb7 25. Nc5 R7b6 26. h4 Nd6 27. Nd7 Rb7 28. Nc5 R7b6 29. Kg2 Ne8 30. Kf3 Nf6 31. Ke2 Ne4 32. Nxe4 dxe4 33. Rxc7 Rxb3 34. Rc8+ Kh7 35. R8c5 Rb2+ 36. Kf1 Ra2 37. Rxh5+ Kg6 38. Rg5+ Kf6 39. Rb5 Rxb5 40. axb5 Rb2 41. Rc5 a4 42. Rc4 a3 43. Ra4 a2 44. Kg2 Ke7 45. g4 Kd6 46. Kg3 Kd5 47. h5 f6 48. Ra7 Re2 49. Ra5 Kd6 50. Ra6+ Kd5 51. Ra4 Kd6 52. Ra6+ Kd5 53. Ra5 Kd6 54. Kf4 Rxf2+ 55. Kxe4 Rg2 56. Ra6+ Kc7 57. Kf3 Rb2 58. e4 Kb7 59. e5 fxe5 60. dxe5 Rxb5 61. Rxa2 Rxe5 62. Re2 Rd5 63. Rxe6 Rd7 64. Kf4 Kc7 65. Kf5 Kd8 66. g5 Rd1 67. Kg6 Rg1 68. Ra6 Ke8 69. Ra8+ Ke7 70. Ra7+ Kf8 71. Rf7+ Ke8 72. Rxg7 Ra1 73. Rf7 Ra5 74. Rf5 Ra6+ 75. Rf6 Ra5 76. h6 1-0

[Event "Chinese Chess League 2019"]
[Site "Shen Yang"]
[Date "2019.12.06"]
[Round "21.3"]
[White "Ma, Qun"]
[Black "Zhao, Jun"]
[Result "1/2-1/2"]
[ECO "E11"]
[WhiteElo "2629"]
[BlackElo "2641"]
[Annotator "RC"]
[PlyCount "63"]
[EventDate "2019.04.09"]
[EventType "team-tourn"]
[EventCountry "CHN"]
[SourceTitle "playchess.com"]
[Source "ChessBase"]
[SourceQuality "1"]
[TimeControl "5400+30"]

1. d4 Nf6 2. c4 e6 3. Nf3 d5 4. g3 Bb4+ 5. Bd2 Be7 6. Bg2 O-O 7. O-O c6 8. Qc2 b6 9. Rd1 Nbd7 10. Ne5 Bb7 11. cxd5 cxd5 12. Nc6 Bxc6 13. Qxc6 Qc8 14. Qb5 Ne8 15. Qd3 Nd6 16. Bb4 Nf6 17. Nd2 Nf5 18. Bxe7 Nxe7 19. Rac1 Qb7 20. e3 Rfc8 21. Bf1 Rxc1 22. Rxc1 Rc8 23. Rc3 Rxc3 24. Qxc3 Qc6 25. Qxc6 Nxc6 26. Bd3 Kf8 27. Kf1 Ke7 28. Ke2 Nb4 29. Bb1 Nc6 30. Bd3 Nb4 31. Bb1 Nc6 32. Bd3 1/2-1/2

[Event "Chinese Chess League 2019"]
[Site "Shen Yang"]
[Date "2019.12.06"]
[Round "21.5"]
[White "Ning, Kaiyu"]
[Black "Li, Ruofan"]
[Result "1-0"]
[ECO "A13"]
[WhiteElo "2330"]
[BlackElo "2335"]
[Annotator "NA"]
[PlyCount "81"]
[EventDate "2019.04.09"]
[EventType "team-tourn"]
[EventCountry "CHN"]
[SourceTitle "playchess.com"]
[Source "ChessBase"]
[SourceQuality "1"]
[TimeControl "5400+30"]

1. c4 e6 2. Nf3 Nf6 3. g3 d5 4. Bg2 dxc4 5. Qa4+ c6 6. Qxc4 b5 7. Qc2 Bb7 8. a4 {[%emt 0:00:03] A13: English Opening: 1...e6} a6 9. Nc3 Nbd7 10. O-O Be7 11. d3 O-O 12. e4 Qb6 13. Be3 c5 14. h3 h6 15. Rfc1 Rfc8 {[%emt 0:01:04] [#]} 16. Qb1 $146 ({Predecessor:} 16. Qe2) 16... b4 17. a5 Qd8 18. Na4 Qxa5 19. Nxc5 Qb5 20. Nd4 Qb6 21. Nxb7 Qxb7 22. Nb3 Bd8 23. Na5 Qb5 24. Nc4 a5 25. b3 Be7 26. Rc2 Rc6 27. Rca2 $16 Rca6 28. Qd1 Nc5 29. Bf1 Qd7 30. d4 Ncxe4 31. Ne5 Qd6 32. Bxa6 Nc3 33. Qf3 Qxa6 34. Rxa5 Qxa5 35. Qxa8+ Qxa8 36. Rxa8+ Bf8 37. d5 Nce4 38. f3 Nd6 39. Bc5 Nde8 40. Bxf8 Kxf8 41. d6 1-0

[Event "Chinese Chess League 2019"]
[Site "Shen Yang"]
[Date "2019.12.06"]
[Round "21.11"]
[White "Ni, Hua"]
[Black "Naiditsch, Arkadij"]
[Result "1/2-1/2"]
[ECO "E04"]
[WhiteElo "2672"]
[BlackElo "2617"]
[Annotator "RC"]
[PlyCount "63"]
[EventDate "2019.04.09"]
[EventType "team-tourn"]
[EventCountry "CHN"]
[SourceTitle "playchess.com"]
[Source "ChessBase"]
[SourceQuality "1"]
[TimeControl "5400+30"]

1. d4 Nf6 2. c4 e6 3. Nf3 d5 4. g3 dxc4 5. Bg2 c5 6. O-O Nc6 7. dxc5 Qxd1 8. Rxd1 Bxc5 9. Nbd2 c3 10. bxc3 O-O 11. Nb3 Be7 12. Nfd4 Bd7 13. Bg5 Rac8 14. Nf5 exf5 15. Bxf6 Bxf6 16. Rxd7 b6 17. Nd4 Nxd4 18. cxd4 Rfd8 19. Rxd8+ Bxd8 20. e3 Be7 21. a4 Rc3 22. Bd5 g5 23. Kg2 Kg7 24. Rb1 f4 25. gxf4 gxf4 26. Kf3 fxe3 27. fxe3 Bg5 28. Rb3 Rxb3 29. Bxb3 f5 30. Bc2 Kf6 31. e4 fxe4+ 32. Bxe4 {[%emt 0:00:01] Ke5} 1/2-1/2

[Event "Chinese Chess League 2019"]
[Site "Shen Yang"]
[Date "2019.12.06"]
[Round "21.12"]
[White "Xu, Yi"]
[Black "Peng, Xiongjian"]
[Result "1/2-1/2"]
[ECO "C47"]
[WhiteElo "2541"]
[BlackElo "2486"]
[Annotator "RC"]
[PlyCount "60"]
[EventDate "2019.04.09"]
[EventType "team-tourn"]
[EventCountry "CHN"]
[SourceTitle "playchess.com"]
[Source "ChessBase"]
[SourceQuality "1"]
[TimeControl "5400+30"]

1. e4 e5 2. Nf3 Nc6 3. Nc3 Nf6 4. d4 exd4 5. Nxd4 Bb4 6. Nxc6 bxc6 7. Bd3 d5 8. exd5 cxd5 9. O-O O-O 10. Bg5 c6 11. Qf3 Be7 12. Rae1 h6 13. Bxh6 gxh6 14. Qe3 Kg7 15. Qxe7 Qxe7 16. Rxe7 Re8 17. Rxe8 Nxe8 18. Re1 Be6 19. Na4 Kf6 20. Nc5 Ke7 21. f4 Kd6 22. Nb7+ Kc7 23. Nc5 Kd6 24. Nb7+ Kc7 25. Nc5 Kd6 26. Nb7+ Kc7 27. Nc5 Kd6 28. Nb7+ Kc7 29. Nc5 Kd6 30. Nb7+ Kc7 1/2-1/2

[Event "Chinese Chess League 2019"]
[Site "Shen Yang"]
[Date "2019.12.06"]
[Round "21.18"]
[White "Zou, Chen"]
[Black "Xu, Yinglun"]
[Result "1/2-1/2"]
[ECO "C11"]
[WhiteElo "2462"]
[BlackElo "2554"]
[Annotator "ChessBase"]
[PlyCount "100"]
[EventDate "2019.04.09"]
[EventType "team-tourn"]
[EventCountry "CHN"]
[SourceTitle "playchess.com"]
[Source "ChessBase"]
[SourceQuality "1"]
[TimeControl "5400+30"]

1. e4 e6 2. d4 d5 3. Nc3 Nf6 4. e5 Nfd7 5. f4 c5 6. Nf3 Nc6 7. Be3 a6 8. Qd2 b5 9. Bd3 Qb6 10. Qf2 cxd4 11. Nxd4 Bc5 12. Nce2 b4 13. O-O a5 14. Bb5 Nxd4 15. Bxd7+ Bxd7 16. Bxd4 Rc8 17. Bxc5 Rxc5 18. Nd4 Rc4 19. Rad1 O-O 20. Qe3 a4 21. g4 f6 22. Rf2 fxe5 23. Qxe5 Qc7 24. b3 Qxe5 25. fxe5 Rcc8 26. Rdf1 Rxf2 27. Rxf2 h6 28. Kf1 axb3 29. axb3 Be8 30. Nxe6 Bd7 31. Nf4 Bxg4 32. Nxd5 Re8 33. Nxb4 Rxe5 34. Rd2 Kf7 35. Nd3 Re3 36. c4 Bf5 37. Nc5 Kf6 38. Re2 Re5 39. b4 Rxc5 40. bxc5 Bd3 41. Kf2 Bxe2 42. Kxe2 Ke6 43. h3 g5 44. Kf3 h5 45. Ke4 Kd7 46. Kf5 g4 47. hxg4 hxg4 48. Kxg4 Kc6 49. Kg3 Kxc5 50. Kg2 Kxc4 1/2-1/2

[Event "Chinese Chess League 2019"]
[Site "Shen Yang"]
[Date "2019.12.06"]
[Round "21.19"]
[White "Li, Xueyi"]
[Black "Zhao, Shengxin"]
[Result "1-0"]
[ECO "E05"]
[WhiteElo "2270"]
[BlackElo "2099"]
[Annotator "NA"]
[PlyCount "129"]
[EventDate "2019.04.09"]
[EventType "team-tourn"]
[EventCountry "CHN"]
[SourceTitle "playchess.com"]
[Source "ChessBase"]
[SourceQuality "1"]
[TimeControl "5400+30"]

1. Nf3 d5 2. d4 Nf6 3. g3 e6 4. c4 Be7 5. Bg2 O-O 6. O-O dxc4 7. Qc2 a6 8. a4 Bd7 9. Qxc4 Bc6 10. Bg5 Bd5 11. Qc2 Be4 12. Qd2 h6 13. Bxf6 Bxf6 14. Rd1 Nd7 15. Nc3 Bxf3 16. Bxf3 c6 17. e3 g6 18. Rab1 Nb6 19. b4 Nd5 20. Ne4 Be7 21. Nc5 b6 22. Nd3 a5 23. bxa5 Rxa5 24. Ne5 Rxa4 25. Nxc6 Qd6 26. Bxd5 exd5 27. Nxe7+ Qxe7 28. Rxb6 Qe4 29. Qb2 Kg7 30. Rb4 Raa8 31. Rb7 Rfc8 32. Rf1 Qf3 33. Qb3 Rc4 34. Rb8 Ra6 35. Re8 Qf6 36. Qb8 Re6 37. Rh8 Qf3 38. Qf8+ Kf6 39. Qxh6 Rc2 40. Qh4+ Kf5 41. Rf8 Rf6 42. Re8 Re6 43. Qh3+ Qg4 44. Qh8 Qe4 45. Rxe6 Qxe6 46. Qh3+ Ke4 47. Qxe6+ fxe6 48. Kg2 g5 49. Rb1 g4 50. Rb8 Kf5 51. Rf8+ Kg5 52. h3 gxh3+ 53. Kxh3 Re2 54. g4 Re1 55. Rg8+ Kf6 56. Kg3 Re2 57. Rf8+ Kg6 58. Rh8 Kg7 59. Rh5 Kg6 60. Re5 Kf7 61. f4 Re1 62. f5 Rg1+ 63. Kf4 exf5 64. Rxf5+ Ke6 65. Re5+ 1-0

[Event "Chinese Chess League 2019"]
[Site "Shen Yang"]
[Date "2019.12.06"]
[Round "21.20"]
[White "Shuvalova, Polina"]
[Black "Zhou, Zirun"]
[Result "1-0"]
[ECO "C78"]
[WhiteElo "2446"]
[BlackElo "2121"]
[Annotator "RC"]
[PlyCount "75"]
[EventDate "2019.04.09"]
[EventType "team-tourn"]
[EventCountry "CHN"]
[SourceTitle "playchess.com"]
[Source "ChessBase"]
[SourceQuality "1"]
[TimeControl "5400+30"]

1. e4 e5 2. Nf3 Nc6 3. Bb5 a6 4. Ba4 Nf6 5. O-O b5 6. Bb3 Bc5 7. a4 Rb8 8. c3 d6 9. d4 Bb6 10. a5 Ba7 11. h3 O-O 12. Be3 Ra8 13. Re1 h6 14. Nbd2 exd4 15. cxd4 Nb4 16. e5 dxe5 17. Nxe5 Bb7 18. Ndf3 Bd5 19. Rc1 Qd6 20. Nh4 Bxb3 21. Qxb3 Nfd5 22. Bd2 Rfd8 23. Nf5 Qf6 24. g4 c5 25. dxc5 Nc6 26. Nxc6 Qxc6 27. Qxd5 Qxd5 28. Ne7+ Kf8 29. Nxd5 Rxd5 30. Be3 b4 31. Rc4 Re8 32. Kg2 f6 33. Rec1 Rb8 34. Bf4 Rc8 35. b3 Kf7 36. Rxb4 Kg6 37. Rb7 Rdxc5 38. Rd1 1-0

[Event "Chinese Chess League 2019"]
[Site "Shen Yang"]
[Date "2019.12.06"]
[Round "21.22"]
[White "Wang, Yiye"]
[Black "Chen, Qi b"]
[Result "1/2-1/2"]
[ECO "E25"]
[WhiteElo "2439"]
[BlackElo "2436"]
[Annotator "RC"]
[PlyCount "50"]
[EventDate "2019.04.09"]
[EventType "team-tourn"]
[EventCountry "CHN"]
[SourceTitle "playchess.com"]
[Source "ChessBase"]
[SourceQuality "1"]
[TimeControl "5400+30"]

1. c4 Nf6 2. Nc3 e6 3. d4 Bb4 4. f3 d5 5. a3 Bxc3+ 6. bxc3 c5 7. cxd5 Nxd5 8. dxc5 f5 9. c4 Qf6 10. Bg5 Qxg5 11. cxd5 exd5 12. Qxd5 Nc6 13. Rd1 Qe3 14. Rd3 Qh6 15. Qb3 Be6 16. Qxb7 Qc1+ 17. Rd1 Qc3+ 18. Kf2 Qxc5+ 19. e3 O-O 20. Qb5 Qc2+ 21. Qe2 Qc5 22. Qb5 Qc2+ 23. Qe2 Qc5 24. Qb5 Qc2+ 25. Qe2 Qc5 1/2-1/2

[Event "Chinese Chess League 2019"]
[Site "Shen Yang"]
[Date "2019.12.06"]
[Round "21.25"]
[White "Guo, Qi"]
[Black "Song, Yuxin"]
[Result "1/2-1/2"]
[ECO "D06"]
[WhiteElo "2403"]
[BlackElo "2284"]
[Annotator "RC"]
[PlyCount "60"]
[EventDate "2019.04.09"]
[EventType "team-tourn"]
[EventCountry "CHN"]
[SourceTitle "playchess.com"]
[Source "ChessBase"]
[SourceQuality "1"]
[TimeControl "5400+30"]

1. d4 d5 2. Nf3 Bf5 3. c4 e6 4. Nc3 Nc6 5. a3 Nf6 6. e3 Be7 7. b4 O-O 8. Bb2 Ne4 9. Be2 a5 10. b5 Nb8 11. O-O dxc4 12. Bxc4 c6 13. Qb3 Nd7 14. Rfd1 Nb6 15. Ne5 a4 16. Qa2 Nxc3 17. Bxc3 cxb5 18. Bxb5 Qd5 19. Qb2 Qb3 20. g4 Qxb2 21. Bxb2 Bc2 22. Rdc1 Rfc8 23. Nc4 Nxc4 24. Rxc2 Nxb2 25. Rxb2 Rc3 26. Bd7 Rxa3 27. Rxa3 Bxa3 28. Ra2 Bd6 29. Rxa4 Rxa4 30. Bxa4 Kf8 1/2-1/2

[Event "Chinese Chess League 2019"]
[Site "Shen Yang"]
[Date "2019.12.06"]
[Round "21.29"]
[White "Atalik, Ekaterina"]
[Black "Zhu, Jiner"]
[Result "0-1"]
[ECO "E06"]
[WhiteElo "2462"]
[BlackElo "2468"]
[Annotator "ChessBase"]
[PlyCount "58"]
[EventDate "2019.04.09"]
[EventType "team-tourn"]
[EventCountry "CHN"]
[SourceTitle "playchess.com"]
[Source "ChessBase"]
[SourceQuality "1"]
[TimeControl "5400+30"]

1. d4 Nf6 2. Nf3 e6 3. g3 d5 4. Bg2 Be7 5. c4 O-O 6. Nc3 dxc4 7. Ne5 Nc6 8. Bxc6 bxc6 9. Nxc6 Qe8 10. Nxe7+ Qxe7 11. Qa4 Bb7 12. O-O e5 13. dxe5 Ng4 14. Qxc4 Nxe5 15. Qb3 Rab8 16. Qc2 Qe6 17. f3 h5 18. Bg5 Rfe8 19. Rad1 Ng6 20. e4 h4 21. Bc1 Ba6 22. Rfe1 Ne5 23. Re3 Rbd8 24. g4 c6 25. Kg2 Qf6 26. Rxd8 Rxd8 27. Ne2 Bd3 28. Qc3 Bxe2 29. Rxe2 Rd3 0-1